[Event "November 21 Early 2023"]
[Site "https://www.chess.com"]
[Date "2023.11.21"]
[Round "3"]
[White "Bychkov, Vladimir"]
[Black "Piesik, Piotr"]
[Result "0-1"]
[Board "107"]
[TimeControl "180+1"]
[WhiteFideId "24151513"]
[BlackFideId "1136194"]
[WhiteElo "2224"]
[BlackElo "2309"]
[WhiteTeam "RUS"]
[BlackTeam "CZE"]
[WhiteClock "0:00:10"]
[BlackClock "0:00:25"]

1. e4 g6 2. d4 Bg7 3. Nf3 c6 4. a4 d6 5. Bc4 Nf6 6. Nc3 O-O 7. Bb3 Nbd7 8. Bg5 e5 9. Qd2 Qe7 10. O-O Re8 11. Rfe1 Nf8 12. Bh6 Bg4 13. Bxg7 Kxg7 14. Nh4 Rad8 15. h3 Bc8 16. Nf3 Ne6 17. Bxe6 Bxe6 18. Rad1 Nh5 19. Qe3 Bc4 20. dxe5 dxe5 21. Qxa7 Nf4 22. b3 Ba6 23. Qe3 f6 24. Kh2 Qb4 25. h4 Ne6 26. h5 Nf4 27. g3 Nxh5 28. Rxd8 Rxd8 29. Rd1 Rxd1 30. Nxd1 Kf7 31. Qd2 Qxd2 32. Nxd2 Ng7 33. Ne3 Ne6 34. c3 Nc5 35. Kg2 Bd3 36. f3 Ke6 37. a5 h5 38. Kf2 g5 39. Kg2 g4 40. fxg4 hxg4 41. Nxg4 Bxe4+ 42. Kf2 Bc2 43. b4 Na4 44. c4 f5 45. Ne3 Bd3 46. Kf3 Nc3 47. g4 f4 48. Ng2 Be2+ 49. Kf2 Bxg4 50. Nb3 Ne4+ 51. Ke1 Bh3 52. Nh4 Kf6 53. b5 cxb5 54. cxb5 Bd7 55. a6 bxa6 56. bxa6 Bc6 57. Nf3 Nd6 58. Nxe5 Kxe5 59. Nd2 Kd4 60. Kf1 Ke3 61. Nb3 f3 62. Nd2 Kxd2 63. Kf2 Kd3 64. a7 Ke4 65. Kf1 Ke3 66. Ke1 f2+ 67. Kf1 Bb5+ 68. Kg2 f1=Q+ 69. Kh2 Qf2+ 70. Kh3 Bd7# 0-1

[Event "November 21 Early 2023"]
[Site "https://www.chess.com"]
[Date "2023.11.21"]
[Round "3"]
[White "Nagare Kaivalya Sandip"]
[Black "Berezin, Viktor"]
[Result "1-0"]
[Board "108"]
[TimeControl "180+1"]
[WhiteFideId "25957929"]
[BlackFideId "14107872"]
[WhiteElo "2024"]
[BlackElo "2310"]
[WhiteTeam "IND"]
[BlackTeam "UKR"]
[WhiteClock "0:01:10"]
[BlackClock "0:00:01"]

1. e4 g6 2. d4 Bg7 3. Nc3 d6 4. Be3 c6 5. Nf3 Nf6 6. h3 Nbd7 7. Bd3 e5 8. O-O O-O 9. dxe5 Nxe5 10. Nxe5 dxe5 11. Bc5 Re8 12. Bc4 Nd7 13. Ba3 Nb6 14. Bb3 Be6 15. Qf3 Nc4 16. Rfd1 Qc7 17. Bxc4 Bxc4 18. Bd6 Qb6 19. b3 Be6 20. Na4 Qa5 21. Nc5 Qb6 22. a4 a5 23. Nxe6 Rxe6 24. Qc3 Rd8 25. Bc5 Qc7 26. Qe3 Rd7 27. Bb6 Qc8 28. Rxd7 Qxd7 29. Bxa5 Rd6 30. Kh2 h5 31. Bb4 Rd4 32. Bc3 Rd6 33. a5 Kh7 34. a6 bxa6 35. Rxa6 Rd1 36. Ra7 Qe6 37. Qf3 Rd7 38. Rxd7 Qxd7 39. Qd3 Qe6 40. Bb4 Qf6 41. Kg1 Qf4 42. Bd2 Qf6 43. b4 Qe6 44. c4 Bf8 45. b5 Bc5 46. Bc3 cxb5 47. cxb5 Qb6 48. Qf3 Kg8 49. Bxe5 Qxb5 50. Qf6 Kf8 51. Qd8+ Qe8 52. Qc7 Be7 53. Qc3 Qa8 54. Bd6 Qxe4 55. Qh8# 1-0

[Event "November 21 Early 2023"]
[Site "https://www.chess.com"]
[Date "2023.11.21"]
[Round "3"]
[White "Khromkin, Andrey"]
[Black "Ahmad, Khagan"]
[Result "0-1"]
[Board "109"]
[TimeControl "180+1"]
[WhiteFideId "4154126"]
[BlackFideId "13431552"]
[WhiteElo "2456"]
[BlackElo "2160"]
[WhiteTeam "RUS"]
[BlackTeam "AZE"]
[WhiteClock "0:00:48"]
[BlackClock "0:00:32"]

1. d4 Nf6 2. c4 e6 3. Nf3 d5 4. Nc3 Bb4 5. Qa4+ Nc6 6. e3 O-O 7. Bd2 dxc4 8. Bxc4 Bd6 9. O-O-O Bd7 10. Qc2 Rb8 11. Kb1 b5 12. Be2 Nb4 13. Qc1 e5 14. dxe5 Bf5+ 15. e4 Nxe4 16. Ka1 Nxf2 17. Nd4 Bxe5 18. Nxf5 Nxh1 19. Bg5 Qe8 20. Be7 Nf2 21. Bxb4 Nxd1 22. Bxd1 Bd6 23. Nxd6 cxd6 24. Bxd6 b4 25. Nd5 Rc8 26. Ne7+ Qxe7 0-1

[Event "November 21 Early 2023"]
[Site "https://www.chess.com"]
[Date "2023.11.21"]
[Round "3"]
[White "topce"]
[Black "Kuzhylnyi, Oleksandr"]
[Result "0-1"]
[Board "110"]
[TimeControl "180+1"]
[BlackFideId "34110500"]
[WhiteElo "2453"]
[BlackElo "2173"]
[BlackTeam "UKR"]
[WhiteClock "0:00:03"]
[BlackClock "0:01:42"]

1. c4 g6 2. Nc3 Bg7 3. d4 d6 4. e4 c5 5. d5 Bxc3+ 6. bxc3 e5 7. f4 f6 8. f5 Kd7 9. a4 a5 10. Nf3 Kc7 11. g4 Ne7 12. Nd2 h5 13. Be2 hxg4 14. Bxg4 gxf5 15. exf5 Bxf5 16. Bxf5 Nxf5 17. Qf3 Nh4 18. Qg3 Nd7 19. Nb1 f5 20. Na3 f4 21. Nb5+ Kb6 22. Qf2 Nf6 23. Qb2 Ka6 24. Rb1 Rb8 25. Nxd6 Qxd6 26. Qb5+ Ka7 27. Qxa5+ Qa6 28. Qxc5+ Ka8 29. Qe7 Ne4 30. Qxe5 Nf3+ 31. Kd1 Nxe5 32. Bxf4 Nxc3+ 33. Kc2 Nxb1 34. Rxb1 Qxc4+ 35. Kd2 Qxf4+ 36. Kc3 Rh3+ 0-1

[Event "November 21 Early 2023"]
[Site "https://www.chess.com"]
[Date "2023.11.21"]
[Round "3"]
[White "Ambartsumova, Karina"]
[Black "Kassimov, Baurzhan"]
[Result "0-1"]
[Board "111"]
[TimeControl "180+1"]
[WhiteFideId "4166299"]
[BlackFideId "13704800"]
[WhiteElo "2240"]
[BlackElo "2220"]
[WhiteTeam "RUS"]
[BlackTeam "KAZ"]
[WhiteClock "0:00:05"]
[BlackClock "0:00:09"]

1. d4 d6 2. e4 Nf6 3. Nc3 e5 4. Nf3 exd4 5. Nxd4 Be7 6. Be2 O-O 7. O-O c6 8. a4 a5 9. h3 Re8 10. Re1 Bf8 11. Bf1 Nbd7 12. Bf4 Ne5 13. Qd2 Ng6 14. Bh2 Qb6 15. Nb3 Be6 16. Nd4 Bd7 17. Kh1 Rad8 18. Rad1 Bc8 19. b3 h6 20. f4 Re7 21. Nf3 Rde8 22. Bd3 Qb4 23. e5 dxe5 24. fxe5 Nh7 25. Re4 Qb6 26. Re2 Be6 27. Ne4 Rd7 28. Rde1 Bb4 29. c3 Red8 30. Nd6 Bxd6 31. exd6 Nhf8 32. Nd4 Rxd6 33. Bxd6 Rxd6 34. Qc2 Bd5 35. Nf5 Rf6 36. c4 Be6 37. Rf1 Kh8 38. Ref2 Nd7 39. Ng3 Rxf2 40. Rxf2 Nge5 41. Be4 Nc5 42. Kh2 Qxb3 43. Qxb3 Nxb3 44. Rb2 Nc5 45. Bc2 Nxc4 46. Rb1 Na3 47. Rb2 Nxc2 48. Rxc2 Nxa4 49. Ne4 Bd5 50. Nd6 b5 51. Re2 b4 52. Re8+ Kh7 53. Rb8 b3 54. Nf5 b2 55. Ng3 Ba2 56. Ne2 b1=Q 57. Rxb1 Bxb1 58. Kg3 Bd3 59. Nd4 c5 60. Nb3 c4 61. Nxa5 c3 62. Nb3 c2 63. Nc1 Bc4 64. Kf2 Nc3 65. g3 Na2 0-1

[Event "November 21 Early 2023"]
[Site "https://www.chess.com"]
[Date "2023.11.21"]
[Round "3"]
[White "Arhan_Anand"]
[Black "ATM622"]
[Result "1-0"]
[Board "112"]
[TimeControl "180+1"]
[WhiteElo "2637"]
[BlackElo "2451"]
[WhiteClock "0:00:26"]
[BlackClock "0:00:00"]

1. Nf3 d5 2. g3 Nf6 3. Bg2 c5 4. O-O Nc6 5. d4 e6 6. a3 cxd4 7. Nxd4 Bc5 8. Nxc6 bxc6 9. b4 Be7 10. Bb2 O-O 11. c4 a5 12. cxd5 cxd5 13. b5 a4 14. Nc3 Qa5 15. Qd4 Bd7 16. Rab1 Rac8 17. Rfc1 Rc4 18. Qd3 Rfc8 19. e3 Bxa3 20. Nxd5 Bxb2 21. Rxc4 Rxc4 22. Nxf6+ Bxf6 23. Qxc4 a3 24. Qa2 Bxb5 25. Bf1 Be8 26. Rb8 Bd8 27. h4 g6 28. Bg2 Kg7 29. Ra8 Qe1+ 30. Kh2 Qd1 31. Qxa3 Bd7 32. Rxd8 1-0

[Event "November 21 Early 2023"]
[Site "https://www.chess.com"]
[Date "2023.11.21"]
[Round "3"]
[White "Ahn, Hongjin"]
[Black "Bao, Qilin"]
[Result "1-0"]
[Board "113"]
[TimeControl "180+1"]
[WhiteFideId "13201492"]
[BlackFideId "8605750"]
[WhiteElo "2182"]
[BlackElo "2320"]
[WhiteTeam "KOR"]
[BlackTeam "CHN"]
[WhiteClock "0:00:07"]
[BlackClock "0:00:06"]

1. e4 c5 2. Nf3 Nc6 3. Bb5 g6 4. Bxc6 bxc6 5. O-O Bg7 6. d3 Rb8 7. c3 Nf6 8. Na3 O-O 9. Qc2 d6 10. h3 Ba6 11. Re1 Nd7 12. Bf4 e5 13. Bg5 Qb6 14. b3 d5 15. Be7 Rfe8 16. Bd6 Rbd8 17. b4 cxb4 18. cxb4 Rc8 19. Qb3 Re6 20. Bc5 Nxc5 21. bxc5 Qxb3 22. axb3 Bxd3 23. Rad1 dxe4 24. Ng5 Ree8 25. Nxe4 Bxe4 26. Rxe4 Bf8 27. Rc1 Rb8 28. Ra4 Rxb3 29. Rxa7 e4 30. Ra5 Re5 31. Nc4 Rf5 32. Ne3 Rh5 33. Kh2 Bh6 34. g4 Bxe3 35. fxe3 Rd5 36. Re1 Rb2+ 37. Kg3 g5 38. h4 h6 39. hxg5 hxg5 40. Ra8+ Kg7 41. Re8 Rdd2 42. Rxe4 Rg2+ 43. Kh3 Rh2+ 44. Kg3 Rbg2+ 45. Kf3 Rc2 46. Re5 Rhf2+ 47. Kg3 f6 48. Rf5 Rxf5 49. gxf5 Rxc5 50. e4 Rc4 51. Kf3 Rc3+ 52. Kg4 Rc4 53. Kh5 c5 54. Ra1 Rxe4 55. Ra7+ Kf8 56. Kg6 Re7 57. Ra8+ Re8 58. Ra5 Rb8 59. Rxc5 Ke7 60. Rc6 Rg8+ 61. Kh7 Rf8 62. Kg7 g4 63. Re6+ Kd7 64. Kxf8 g3 65. Re3 1-0

[Event "November 21 Early 2023"]
[Site "https://www.chess.com"]
[Date "2023.11.21"]
[Round "3"]
[White "SmirnovAlexandrA"]
[Black "Rosenberg, Evan S"]
[Result "1-0"]
[Board "114"]
[TimeControl "180+1"]
[BlackFideId "2019299"]
[WhiteElo "2635"]
[BlackElo "2447"]
[BlackTeam "USA"]
[WhiteClock "0:01:11"]
[BlackClock "0:00:27"]

1. e4 e5 2. d4 exd4 3. Qxd4 Nc6 4. Qe3 Nf6 5. Nc3 Bb4 6. Bd2 O-O 7. O-O-O Re8 8. Qg3 Nxe4 9. Nxe4 Rxe4 10. c3 Bd6 11. f4 Qf6 12. Bd3 Bxf4 13. Qf2 Bxd2+ 14. Qxd2 Re8 15. Nf3 d6 16. Rhf1 h6 17. h4 Bg4 18. Ng5 hxg5 19. Rxf6 gxf6 20. Rf1 Re5 21. Rxf6 Rae8 22. Rf1 f6 23. hxg5 fxg5 24. Bc4+ Kg7 25. Rf7+ Kg6 26. Qd3+ Bf5 27. Rxf5 Rxf5 28. g4 Re5 29. Be6 Kf6 30. Bxf5 1-0

[Event "November 21 Early 2023"]
[Site "https://www.chess.com"]
[Date "2023.11.21"]
[Round "3"]
[White "Weishaeutel, Moritz"]
[Black "Swicarz, Maciej"]
[Result "0-1"]
[Board "115"]
[TimeControl "180+1"]
[WhiteFideId "12967300"]
[BlackFideId "1113585"]
[WhiteElo "2321"]
[BlackElo "2127"]
[WhiteTeam "GER"]
[BlackTeam "POL"]
[WhiteClock "0:00:37"]
[BlackClock "0:00:19"]

1. e4 c5 2. d4 cxd4 3. c3 Nf6 4. e5 Nd5 5. Nf3 d6 6. Bc4 Nb6 7. Bb3 Nc6 8. exd6 e6 9. cxd4 Bxd6 10. O-O O-O 11. Bc2 Nb4 12. Bxh7+ Kxh7 13. Ng5+ Kg6 14. h4 Rh8 15. Qg4 f5 16. Qh3 Nc2 17. g4 Nxa1 18. Re1 Nc2 19. Nxe6 Bxe6 20. Rxe6+ Kf7 21. Qd3 Qxh4 22. Qxf5+ Kg8 23. Qe4 Rf8 24. Qg2 Bh2+ 25. Qxh2 Qxh2+ 0-1

[Event "November 21 Early 2023"]
[Site "https://www.chess.com"]
[Date "2023.11.21"]
[Round "3"]
[White "Della Morte, German"]
[Black "Arslanov, Shamil"]
[Result "1/2-1/2"]
[Board "116"]
[TimeControl "180+1"]
[WhiteFideId "113522"]
[BlackFideId "4192826"]
[WhiteElo "2306"]
[BlackElo "2326"]
[WhiteTeam "ARG"]
[BlackTeam "RUS"]
[WhiteClock "0:01:36"]
[BlackClock "0:00:03"]

1. e4 d6 2. Nc3 e5 3. g3 Nc6 4. Bg2 h5 5. d3 h4 6. f4 h3 7. Bf3 Nd4 8. f5 g6 9. fxg6 fxg6 10. Be3 Bh6 11. Bxd4 exd4 12. Nd5 c6 13. Nf4 Bxf4 14. gxf4 Qh4+ 15. Kf1 Qxf4 16. Qc1 Qf6 17. c3 g5 18. Ke1 g4 19. Be2 Rh7 20. cxd4 Rf7 21. Qe3 Be6 22. Kd2 O-O-O 23. Rf1 Qxf1 24. Bxf1 Rxf1 25. Qe2 Rdf8 26. Ke3 Ne7 27. b3 Ng6 28. d5 cxd5 29. exd5 Bd7 30. Kd4 Ne5 31. Qc2+ Kd8 32. Qe2 b6 33. Qd2 R8f2 34. Qg5+ Kc7 35. Nxh3 Nf3+ 36. Ke3 Nxg5 37. Nxf2 Rxh1 38. Nxh1 Nf3 39. h3 Ng5 40. hxg4 Kd8 41. Nf2 Ke7 42. Kf4 Kf6 43. a3 Be8 44. b4 Bf7 45. Ne4+ Nxe4 46. dxe4 Kg6 47. e5 Bxd5 48. exd6 Kf6 49. d7 Ke7 50. Ke5 Ba2 51. d8=Q+ Kxd8 52. Kd6 Kc8 53. a4 Kb7 54. a5 b5 55. Kc5 a6 56. Kd6 Bb1 57. g5 Bc2 58. Kd7 Bf5+ 59. Kd6 Bb1 60. Kd7 Kb8 61. Kc6 Ka7 62. Kc7 Be4 63. Kc8 Bf5+ 64. Kc7 Be4 65. Kc8 Bb1 66. Kc7 Be4 1/2-1/2

[Event "November 21 Early 2023"]
[Site "https://www.chess.com"]
[Date "2023.11.21"]
[Round "3"]
[White "Minko, Dmitry"]
[Black "Degenbaev, Aziz"]
[Result "0-1"]
[Board "117"]
[TimeControl "180+1"]
[WhiteFideId "24188468"]
[BlackFideId "13802640"]
[WhiteElo "1992"]
[BlackElo "2083"]
[WhiteTeam "FID"]
[BlackTeam "KGZ"]
[WhiteClock "0:00:57"]
[BlackClock "0:01:02"]

1. e4 c5 2. Nf3 d6 3. d4 cxd4 4. Nxd4 Nf6 5. Nc3 Bd7 6. f3 e5 7. Nb3 Be7 8. Be3 a5 9. a4 Na6 10. Bb5 Nb4 11. O-O O-O 12. Qe2 Rc8 13. Rfd1 Be6 14. Rd2 Qc7 15. Rad1 Nxc2 16. Rxc2 Bxb3 17. Nd5 Nxd5 18. Rxc7 Bxd1 19. Rxc8 Bxe2 20. Rxf8+ Kxf8 21. exd5 Bxb5 22. axb5 a4 23. Kf2 f5 24. Ke2 Bf6 25. Bc1 e4 26. fxe4 fxe4 27. g3 Bd4 28. Kd2 Ke7 29. Kc2 Kf6 30. b3 axb3+ 31. Kxb3 e3 32. Kc2 e2 33. Kd2 Be3+ 0-1

[Event "November 21 Early 2023"]
[Site "https://www.chess.com"]
[Date "2023.11.21"]
[Round "3"]
[White "PoXerStar"]
[Black "Taboas Rodriguez, Daniel"]
[Result "0-1"]
[Board "118"]
[TimeControl "180+1"]
[BlackFideId "2208466"]
[WhiteElo "2444"]
[BlackElo "2365"]
[BlackTeam "ESP"]
[WhiteClock "0:00:12"]
[BlackClock "0:01:30"]

1. d4 Nf6 2. c4 g6 3. Nc3 Bg7 4. e4 d6 5. Be2 O-O 6. Be3 Nc6 7. Nf3 Bg4 8. O-O e5 9. dxe5 dxe5 10. h3 Bxf3 11. Bxf3 Nd4 12. g3 c6 13. Bg2 Qb6 14. Rb1 Rad8 15. Qc1 Qb4 16. b3 Qxc3 17. Qa3 a5 18. Kh2 Qb4 19. Qb2 Rfe8 20. a3 Qe7 21. Rfd1 c5 22. b4 axb4 23. axb4 b6 24. bxc5 bxc5 25. Ra1 Rb8 26. Qc3 Rb3 27. Qc1 Reb8 28. f4 Nh5 29. f5 Nxg3 30. Kxg3 Ne2+ 0-1

[Event "November 21 Early 2023"]
[Site "https://www.chess.com"]
[Date "2023.11.21"]
[Round "3"]
[White "Souleidis, Georgios"]
[Black "Astafurov, Arseniy"]
[Result "1-0"]
[Board "119"]
[TimeControl "180+1"]
[WhiteFideId "4206827"]
[BlackFideId "24175218"]
[WhiteElo "2401"]
[BlackElo "2170"]
[WhiteTeam "GRE"]
[BlackTeam "RUS"]
[WhiteClock "0:00:07"]
[BlackClock "0:00:27"]

1. e4 e6 2. d4 d5 3. Nc3 Nf6 4. Bg5 dxe4 5. Nxe4 Be7 6. Nxf6+ Bxf6 7. Bxf6 Qxf6 8. Nf3 c5 9. Bb5+ Nc6 10. Bxc6+ bxc6 11. O-O O-O 12. c3 cxd4 13. Nxd4 c5 14. Nb3 c4 15. Nd4 Bb7 16. Qe2 Bd5 17. Rfe1 Rfc8 18. Rad1 Rab8 19. Rd2 h6 20. f3 Rb6 21. Qe3 Rcb8 22. Ree2 Qg6 23. a3 Qb1+ 24. Re1 Qa2 25. b4 cxb3 26. Rxa2 bxa2 27. Nc2 Rb1 28. c4 Rxe1+ 29. Nxe1 a1=Q 30. cxd5 exd5 31. Kf2 Qxa3 32. Qxa3 Rb7 33. Nd3 Rc7 34. Kg3 g6 35. h4 Kg7 36. Ne5 h5 37. Qa1 Kh7 38. Nd3 Rd7 39. Qd4 a5 40. Nc5 Rd6 41. Na4 Kg8 42. Kh2 Rd7 43. Kh3 Rd8 44. g4 hxg4+ 45. fxg4 Rc8 46. Qxd5 Rc1 47. Qxa5 Rb1 48. Nc3 1-0

[Event "November 21 Early 2023"]
[Site "https://www.chess.com"]
[Date "2023.11.21"]
[Round "3"]
[White "Nitin, S."]
[Black "Mazurkiewicz, Michal"]
[Result "1-0"]
[Board "120"]
[TimeControl "180+1"]
[WhiteFideId "5018277"]
[BlackFideId "1124943"]
[WhiteElo "2359"]
[BlackElo "2124"]
[WhiteTeam "IND"]
[BlackTeam "POL"]
[WhiteClock "0:00:18"]
[BlackClock "0:00:00"]

1. Nf3 Nf6 2. g3 g6 3. Bg2 Bg7 4. O-O O-O 5. b3 d6 6. Bb2 e5 7. d3 Nbd7 8. c4 c6 9. Nc3 Nc5 10. e3 Ne6 11. d4 e4 12. Nd2 d5 13. h4 g5 14. hxg5 Nxg5 15. f3 exf3 16. Nxf3 Nge4 17. Ne2 Ng4 18. Qd3 Qd6 19. Ne5 Bxe5 20. dxe5 Qh6 21. Rf4 Qh2+ 22. Kf1 f5 23. cxd5 Nxg3+ 24. Nxg3 Qxg3 25. Re1 Rd8 26. e6 Bxe6 27. Qd4 Nh2+ 28. Kg1 Bxd5 29. Qh8+ Kf7 30. Rxf5+ Ke6 31. Qf6+ Kd7 32. Rxd5+ cxd5 33. Qf7+ Kc8 34. Rc1+ Kb8 35. Rc2 Rg8 36. Rf2 a5 37. Qe6 Nf3+ 38. Kf1 1-0

[Event "November 21 Early 2023"]
[Site "https://www.chess.com"]
[Date "2023.11.21"]
[Round "3"]
[White "Zoete, Roelant"]
[Black "Spata, German"]
[Result "0-1"]
[Board "121"]
[TimeControl "180+1"]
[WhiteFideId "40103269"]
[BlackFideId "113026"]
[WhiteElo "2443"]
[BlackElo "2260"]
[WhiteTeam "NED"]
[BlackTeam "ARG"]
[WhiteClock "0:00:11"]
[BlackClock "0:00:34"]

1. e4 e6 2. d4 d5 3. exd5 exd5 4. Qf3 Nf6 5. h3 Be7 6. Bd3 O-O 7. Ne2 Re8 8. O-O c6 9. Bf4 Nbd7 10. Nd2 Nf8 11. Rfe1 Ne6 12. Bh2 Qb6 13. Nb3 a5 14. a4 Bb4 15. Rf1 Bd7 16. Be5 Be7 17. Rab1 Nf8 18. Qg3 Ng6 19. Nf4 Nxf4 20. Qxf4 Be6 21. Qh4 h6 22. Qg3 Qd8 23. f4 Bf8 24. Nc5 b6 25. Nxe6 Rxe6 26. Bf5 Re8 27. c3 Nd7 28. Bxd7 Qxd7 29. f5 Kh7 30. Rf4 f6 31. Re1 fxe5 32. dxe5 Qf7 33. e6 Qf6 34. Rg4 Qxf5 35. Rf4 Bd6 36. Qxg7+ Kxg7 37. Rxf5 Ra7 38. Rf3 Rae7 39. Rfe3 Bc5 40. Kf2 Rxe6 41. Kf3 Rxe3+ 42. Rxe3 Rxe3+ 43. Kf4 Re4+ 44. Kg3 Bd6+ 45. Kf2 h5 46. g3 Kg6 47. h4 Kf5 48. b4 Kg4 49. bxa5 bxa5 50. c4 Rxc4 51. Kg2 Rxa4 52. Kh2 Ra2+ 53. Kg1 Rb2 54. Kf1 a4 55. Ke1 a3 56. Kd1 a2 57. Kc1 a1=Q# 0-1

[Event "November 21 Early 2023"]
[Site "https://www.chess.com"]
[Date "2023.11.21"]
[Round "3"]
[White "Kovalevsky, Stanislav"]
[Black "Al-Tarboush, Ward"]
[Result "0-1"]
[Board "122"]
[TimeControl "180+1"]
[WhiteFideId "13508598"]
[BlackFideId "7601450"]
[WhiteElo "2092"]
[BlackElo "2280"]
[WhiteTeam "FID"]
[BlackTeam "NOR"]
[WhiteClock "0:00:01"]
[BlackClock "0:00:03"]

1. e4 e6 2. c4 d5 3. cxd5 exd5 4. exd5 Nf6 5. Bb5+ Bd7 6. Bc4 Bg4 7. f3 Bf5 8. Qb3 Bc5 9. Ne2 O-O 10. d4 Bb6 11. O-O c6 12. Nbc3 cxd5 13. Nxd5 Nxd5 14. Bxd5 Nc6 15. Be3 Na5 16. Qb5 a6 17. Qb4 Re8 18. Ng3 Qxd5 19. Qxb6 Rxe3 20. Rac1 Bd3 21. Rc5 Qd7 22. Rxa5 Bxf1 23. Nxf1 Re1 24. Re5 Re8 25. Qc5 R1xe5 26. dxe5 Qe6 27. f4 Qxa2 28. Qc3 Qd5 29. h3 Qc6 30. Qb3 g6 31. Ne3 Rd8 32. Ng4 Rd2 33. Nh6+ Kh8 34. Nxf7+ Kg7 35. Qg3 Kxf7 36. e6+ Qxe6 37. f5 Qe2 38. Qc7+ Kf6 39. Qc3+ Kxf5 40. g4+ Kf4 41. Qf6+ Kg3 42. Qf2+ Qxf2+ 0-1

[Event "November 21 Early 2023"]
[Site "https://www.chess.com"]
[Date "2023.11.21"]
[Round "3"]
[White "Bogaudinov, Rushan"]
[Black "Belov, Alexei"]
[Result "0-1"]
[Board "123"]
[TimeControl "180+1"]
[WhiteFideId "4129288"]
[BlackFideId "4128206"]
[WhiteElo "1908"]
[BlackElo "2620"]
[WhiteTeam "RUS"]
[BlackTeam "RUS"]
[WhiteClock "0:00:07"]
[BlackClock "0:00:18"]

1. e4 e6 2. Nf3 d5 3. e5 c5 4. b4 cxb4 5. d4 Nc6 6. a3 bxa3 7. c3 Bd7 8. Nxa3 a6 9. Bd3 Rc8 10. O-O Nge7 11. Ng5 h6 12. Nh7 Na5 13. Nxf8 Kxf8 14. Bb2 Nc4 15. Nxc4 dxc4 16. Bc2 Nd5 17. Qd2 g6 18. f4 Kg7 19. Rf3 h5 20. Raf1 h4 21. g4 hxg3 22. hxg3 Bc6 23. f5 exf5 24. Bxf5 gxf5 25. Rxf5 Rc7 26. Ba3 Rh6 27. Rg5+ Rg6 28. Rxg6+ fxg6 29. Qf2 Qe8 30. Bf8+ Kg8 31. e6 Qxe6 32. Re1 Qf7 33. Bd6 Qxf2+ 34. Kxf2 Rf7+ 35. Kg1 Nxc3 36. Re8+ Kh7 37. Be5 Bxe8 0-1

[Event "November 21 Early 2023"]
[Site "https://www.chess.com"]
[Date "2023.11.21"]
[Round "3"]
[White "Pastar, Slaven"]
[Black "Vedder, Richard"]
[Result "0-1"]
[Board "124"]
[TimeControl "180+1"]
[WhiteFideId "14402718"]
[BlackFideId "1004166"]
[WhiteElo "2230"]
[BlackElo "2168"]
[WhiteTeam "BIH"]
[BlackTeam "NED"]
[WhiteClock "0:00:03"]
[BlackClock "0:00:56"]

1. Nf3 Nf6 2. g3 d5 3. Bg2 Bf5 4. O-O e6 5. b3 h6 6. Bb2 Be7 7. c4 c6 8. d3 O-O 9. Nbd2 Bh7 10. Qc2 Nbd7 11. a3 a5 12. Bc3 Qc7 13. Qb2 b5 14. cxb5 cxb5 15. b4 axb4 16. axb4 Nb6 17. Be5 Qb7 18. Rfc1 Rxa1 19. Rxa1 Ra8 20. Rxa8+ Qxa8 21. Nd4 Na4 22. Qa3 Qa6 23. N4b3 Nd7 24. Bd4 Qd6 25. Qa1 e5 26. Bc5 Ndxc5 27. bxc5 Nxc5 28. Nxc5 Qxc5 29. Qxe5 Bf8 30. Bxd5 b4 31. e4 Qc1+ 32. Nf1 Qc2 33. Qe8 Bg6 34. Bc4 b3 35. Qa4 Bc5 36. Ne3 Bxe3 37. fxe3 Qc1+ 38. Kf2 b2 39. Ba2 b1=Q 40. Bxb1 Qxb1 41. Qe8+ Kh7 42. Qd8 Qc2+ 43. Kg1 Qd1+ 44. Kg2 Qe2+ 45. Kg1 Qxe3+ 46. Kg2 Qe2+ 47. Kg1 h5 48. h4 Qf3 49. Kh2 Qf2+ 50. Kh3 f5 51. Qg5 Qf1+ 52. Kh2 Qe2+ 53. Kh3 Qg4+ 54. Qxg4 hxg4+ 55. Kg2 fxe4 56. dxe4 Bxe4+ 57. Kf2 Kg6 58. Ke3 Kf5 59. Kd4 Ba8 60. Ke3 Ke5 61. Kd3 g6 62. Ke3 Be4 63. Kd2 Kd4 64. Ke2 Bd3+ 65. Kd2 Ke4 66. Ke1 Kf3 67. h5 gxh5 68. Kd2 Kxg3 0-1

[Event "November 21 Early 2023"]
[Site "https://www.chess.com"]
[Date "2023.11.21"]
[Round "3"]
[White "Goryachkina, Aleksandra"]
[Black "LangesNasenhaar"]
[Result "1-0"]
[Board "125"]
[TimeControl "180+1"]
[WhiteFideId "4147103"]
[WhiteElo "2475"]
[BlackElo "2434"]
[WhiteTeam "FID"]
[WhiteClock "0:00:11"]
[BlackClock "0:00:06"]

1. e4 Nc6 2. d4 d5 3. e5 Bf5 4. Nf3 e6 5. Bd3 Nge7 6. O-O Qd7 7. c3 f6 8. Re1 O-O-O 9. Bb5 Kb8 10. Nbd2 Ng6 11. b4 fxe5 12. dxe5 a6 13. Ba4 b5 14. Bc2 Bxc2 15. Qxc2 d4 16. a4 dxc3 17. axb5 cxd2 18. Bxd2 Nxb4 19. Bxb4 Bxb4 20. Reb1 a5 21. Rxb4 axb4 22. Qa4 Qd5 23. Nd4 Kc8 24. Nc6 Nxe5 25. Ne7+ Kd7 26. Nxd5 exd5 27. Qxb4 Nc4 28. h3 Rhe8 29. Rd1 Nb6 30. Qd4 Re7 31. Qh4 Kd6 32. Qxh7 Rde8 33. Qg6+ Kc5 34. Qc6+ Kb4 35. Rb1+ Ka5 36. Qc3+ Ka4 37. Qa1# 1-0

[Event "November 21 Early 2023"]
[Site "https://www.chess.com"]
[Date "2023.11.21"]
[Round "3"]
[White "Weisz, Bryan"]
[Black "Wadsworth, Matthew J"]
[Result "1/2-1/2"]
[Board "126"]
[TimeControl "180+1"]
[WhiteFideId "30934133"]
[BlackFideId "415804"]
[WhiteElo "2433"]
[BlackElo "2266"]
[WhiteTeam "USA"]
[BlackTeam "ENG"]
[WhiteClock "0:00:04"]
[BlackClock "0:00:09"]

1. e4 c5 2. Nf3 d6 3. Qe2 Nc6 4. e5 dxe5 5. Nxe5 Nxe5 6. Qxe5 e6 7. Bb5+ Bd7 8. Nc3 Nf6 9. d4 cxd4 10. Bxd7+ Qxd7 11. Nb5 Bb4+ 12. c3 Nd5 13. Qxg7 Qxb5 14. Qxh8+ Ke7 15. Qxd4 Rc8 16. cxb4 Nxb4 17. Bg5+ Ke8 18. Qh8+ Kd7 19. Rd1+ Nd3+ 20. Rxd3+ Qxd3 21. Qe5 Qb1+ 22. Ke2 Qxh1 23. Qb5+ Rc6 24. Qxb7+ Rc7 25. Qb5+ Kc8 26. Qe8+ Kb7 27. Qb5+ Kc8 28. Qe8+ Kb7 29. Qb5+ Kc8 1/2-1/2

[Event "November 21 Early 2023"]
[Site "https://www.chess.com"]
[Date "2023.11.21"]
[Round "3"]
[White "Gontcharov, Vladislav"]
[Black "Kuznetsova, Olga"]
[Result "0-1"]
[Board "127"]
[TimeControl "180+1"]
[WhiteFideId "4123492"]
[BlackFideId "4191323"]
[WhiteElo "2420"]
[BlackElo "2134"]
[WhiteTeam "RUS"]
[BlackTeam "RUS"]
[WhiteClock "0:00:05"]
[BlackClock "0:00:14"]

1. d4 Nf6 2. c4 e6 3. Nf3 d5 4. Nc3 Be7 5. Bg5 Ne4 6. Bxe7 Qxe7 7. Rc1 c6 8. e3 O-O 9. Bd3 f5 10. O-O Bd7 11. Ne5 Be8 12. f3 Nxc3 13. Rxc3 Nd7 14. f4 Nxe5 15. fxe5 Rd8 16. Qc2 Bg6 17. cxd5 exd5 18. Bxf5 Qg5 19. Bxg6 Rxf1+ 20. Kxf1 Rf8+ 21. Kg1 hxg6 22. Qe2 Qf5 23. Rc1 Qe4 24. a3 a5 25. h3 a4 26. Rf1 Rf5 27. Rxf5 gxf5 28. Qf3 Qc2 29. Qf4 Qxb2 30. e6 Qxa3 31. Qe5 Qe7 32. Qxf5 a3 33. Qb1 Qxe6 34. Qxb7 Qxe3+ 35. Kh2 Qf4+ 36. Kh1 Qc1+ 37. Kh2 Kh7 38. Qf7 Qg5 39. Qa7 Qf4+ 40. Kh1 Qc1+ 41. Kh2 Qb2 42. Qf7 Qb8+ 43. Kh1 a2 44. Qf5+ Kh8 45. Qh5+ Kg8 0-1

[Event "November 21 Early 2023"]
[Site "https://www.chess.com"]
[Date "2023.11.21"]
[Round "3"]
[White "Maltsevskaya, Aleksandra"]
[Black "szachmistrz2500"]
[Result "0-1"]
[Board "128"]
[TimeControl "180+1"]
[WhiteFideId "24174041"]
[WhiteElo "2296"]
[BlackElo "2431"]
[WhiteTeam "POL"]
[WhiteClock "0:00:05"]
[BlackClock "0:01:23"]

1. e4 c5 2. Nf3 d6 3. d4 cxd4 4. Nxd4 Nf6 5. Nc3 a6 6. h3 e5 7. Nb3 Be6 8. g4 h6 9. Bg2 Nbd7 10. O-O Be7 11. Be3 Rc8 12. Nd5 Bxd5 13. exd5 Nb6 14. Na5 Qc7 15. Rc1 Na4 16. Qd2 Nxb2 17. c4 Na4 18. Qb4 Nc5 19. Bxc5 Qxc5 20. Qxb7 Qc7 21. Qxc7 Rxc7 22. Nc6 Nd7 23. Rb1 Bg5 24. Rfd1 O-O 25. Rb3 f5 26. gxf5 Rxf5 27. Be4 Rf8 28. Rdb1 Bh4 29. f3 Nc5 30. Rb8 Nxe4 31. Rxf8+ Kxf8 32. fxe4 Bg5 33. Rb8+ Kf7 34. Rb6 Be3+ 0-1